 Dungeon Crawl Stone Soup version 0.30-b1-2-g02819fbbbe (webtiles) character file.

Game seed: 10970569579394118344

2041 Scuka the Destroyer (level 9, -26/93 HPs)
             Began as a Black Draconian Conjurer on Jan 9, 2024.
             Was a Follower of Sif Muna.
             Killed from afar by Amaemon the efreet (29 damage)
             ... with a bolt of fire
             ... on level 7 of the Dungeon.
             The game lasted 00:15:27 (10787 turns).

Scuka the Destroyer (Black Draconian Conjurer)     Turns: 10787, Time: 00:15:28

Health: -26/93     AC: 24    Str:  9    XL:     9   Next: 4%
Magic:  14/17      EV:  2    Int: 24    God:    Sif Muna [*.....]
Gold:   603        SH:  0    Dex:  9    Spells: 8/18 levels left

rFire   . . .        b - +1 dagger (venom)
rCold   + . .        (no shield)
rNeg    . . .        (body armour unavailable)
rPois   +            (helmet currently unavailable)
rElec   .            (cloak currently unavailable)
rCorr   .            (gloves currently unavailable)
SInv    .            w - melded +0 pair of boots
Will    .....        (no amulet)
Stlth   ++           q - ring of protection from cold
HPRegen 0.35/turn    (no ring)
MPRegen 0.15/turn

%: no passive effects
@: lethally poisoned (-26 -> -32), tree-form
A: stationary, stasis, torment immunity, boosted hp, (breathe lightning), AC +7,
unfitting armour, (electricity resistance), (cold-blooded)
a: Renounce Religion, Channel Magic


You were on level 7 of the Dungeon.
You worshipped Sif Muna.
Sif Muna was aware of your devotion.
You were a tree.
You visited 2 branches of the dungeon, and saw 9 of its levels.
You also visited: Ossuary.

You collected 603 gold pieces.

Inventory:

Hand Weapons
 a - a +2 short sword of electrocution
 b - a +1 dagger of venom (weapon)
Missiles
 y - 2 throwing nets
Armour
 w - a +0 pair of boots (melded)
Jewellery
 q - a ring of protection from cold (left branch)
 H - an amulet of reflection
Wands
 e - a wand of digging (3)
 n - a wand of polymorph (20)
 o - a wand of flame (50)
 x - a wand of roots (20)
Scrolls
 c - 8 scrolls of identify {unknown}
 g - 4 scrolls of enchant armour {unknown}
 i - 2 scrolls of poison {unknown}
 j - 4 scrolls of noise {unknown}
 m - 2 scrolls of blinking {unknown}
 s - 2 scrolls of fog {unknown}
 t - 2 scrolls of amnesia {unknown}
 u - 2 scrolls of teleportation {unknown}
 v - a scroll of immolation {unknown}
 B - 2 scrolls of fear {unknown}
 E - a scroll of enchant weapon {unknown}
Potions
 d - 3 potions of heal wounds
 f - 2 potions of degeneration {unknown}
 h - 3 potions of lignification
 k - a potion of experience {unknown}
 l - a potion of berserk rage {unknown}
 p - 2 potions of curing
 r - 2 potions of magic
 z - a potion of brilliance {unknown}
 A - a potion of attraction {unknown}
 C - 2 potions of might {unknown}
 D - a potion of mutation {unknown}
 F - 2 potions of invisibility {unknown}
 G - a potion of haste {unknown}


   Skills:
 - Level 1.7 Dodging
 - Level 1.7 Stealth
 + Level 5.4 Spellcasting
 * Level 9.1 Conjurations
 + Level 1.5 Hexes
 + Level 4.0 Air Magic
 + Level 3.6 Invocations
 + Level 3.3 Evocations


You had 8 spell levels left.
You knew the following spells:

 Your Spells              Type           Power      Damage    Failure   Level
a - Magic Dart            Conj           100%       1d8       1%          1
b - Arcjolt               Conj/Air       19%        1d29      16%         5
c - Fulminant Prism       Conj/Hex       16%        3d10      10%         4

Your spell library contained the following spells:

 Spells                   Type           Power      Damage    Failure   Level
 Searing Ray              Conj           100%       2d8       1%          2
 Dazzling Flash           Conj/Hex       64%        N/A       2%          3
 Vhi's Electric Charge    Tloc/Air       32%        N/A       11%         3
 Lesser Beckoning         Tloc           12%        N/A       13%         2
 Iskenderun's Mystic Bla  Conj/Tloc      28%        2d7       13%         4
 Gell's Gravitas          Tloc           6%         N/A       26%         3
 Ozocubu's Armour         Ice            6%         N/A       26%         3
 Teleport Other           Tloc           6%         N/A       26%         3
 Plasma Beam              Fire/Air       8%         2x1d20    99%         6
 Ozocubu's Refrigeration  Ice            3%         4d8       100%        7


Dungeon Overview and Level Annotations

Branches:
Dungeon (8/15)             Temple (1/1) D:4         Ossuary (visited)
   Lair: D:8-11

Altars:
Ashenzari
Cheibriados
Dithmenos
Elyvilon
Fedhas
Gozag
Hepliaklqana
Kikubaaqudgha
Makhleb
Nemelex Xobeh
Okawaru
Qazlal
Sif Muna
Trog
Uskayaw
Vehumet
Wu Jian
Xom
Yredelemnul
Zin
The Shining One

Shops:
D:5 (

Annotations:
D:7 Amaemon


Innate Abilities, Weirdness & Mutations

You are a tree.
Your roots penetrate the ground, keeping you stationary.
You cannot be teleported.
You are immune to unholy pain and torment.
Your maximum health is greatly increased.
Your equipment is partially melded.
((You can breathe wild blasts of lightning.))
((Your glossy black scales are hard. (AC +7)))
You cannot fit into any form of body armour.
((You are resistant to electric shocks. (rElec)))
((You are cold-blooded and may be slowed by cold attacks.))


Message History

You feel extremely sick.
Amaemon picks up a +1 demon whip of venom.
Amaemon wields a +1 demon whip of venom.
It begins to drip with poison!
Unknown command.
You feel much better.
You feel very sick. Amaemon gestures at you.
The fireball explodes!
The fireball engulfs you!
* * * LOW HITPOINT WARNING * * *
The fireball engulfs Amaemon.
Amaemon completely resists.
Unknown command.
It was a potion of lignification.
You turn into a tree.
Your +0 pair of boots melds into your body.
Your roots penetrate the ground.
* * * LOW HITPOINT WARNING * * *
You feel very sick. Amaemon gestures at you.
The bolt of fire hits you but does no damage.
It was a potion of curing.
You feel better. Amaemon gestures at you.
The fireball explodes!
The fireball engulfs you!
* * * LOW HITPOINT WARNING * * *
The fireball engulfs Amaemon.
Amaemon completely resists.
Unknown command.
You hit Amaemon but do no damage. Amaemon hits you but does no damage.
You are poisoned.
You hit Amaemon.
Amaemon is lightly wounded.
* * * LOW HITPOINT WARNING * * *
You feel very sick.
Amaemon hits you with a +1 demon whip of venom.
* * * LOW HITPOINT WARNING * * *
You hit Amaemon but do no damage.
Amaemon is lightly wounded.
* * * LOW HITPOINT WARNING * * *
You feel sick. Amaemon gestures at you. The bolt of fire hits you!!
You die...

#)..##.#####..# #.........##.⌠.#
).#####......## ##.......####.##
### #..####.# #.......#.#.#.# #
#.## #.## ###...#.#.⌠.###. ## #.#
##..###........#.#.#.# .##
#.####.......###..).##.#.#. ..#
#....<.###..## #....###.♣.#
..#####....### #..# ##.....###.#.
...##..##...####♣R###.....#.###.#
.##....####........##....#.⌠.###.
##.....## ##..............#.#.###
#...##.## ##...##........####.##
##..###..## ##..###........##.⌠.#
#...# ##..####.......##...#.##.##
#..## ##..##.#####..###......#..
....# ##....## #..# ###.......
#...####).##.## #.## #...###.


You could see Amaemon the efreet.

Vanquished Creatures
  Eustachio (D:6)
  Edmund (D:5)
  2 black bears
  An ice beast (D:5)
  An ogre (D:5)
  A centaur (D:7)
  A bullfrog (D:7)
  5 scorpions
  A gnoll sergeant (D:7)
  A hound (D:6)
  2 orc priests
  A jelly (D:5)
  2 sleepcaps
  Jessica (D:2)
  Terence (D:2)
  4 iguanas
  4 orc wizards
  8 mummies (Ossuary)
  Robin (D:2)
  14 gnolls
  7 adders
  3 ufetubi (D:5)
  5 worms
  4 dart slugs
  29 orcs
  A ball python (D:3)
  6 bats
  8 endoplasms
  2 giant cockroaches (D:4)
  A gnoll zombie (Ossuary)
  13 goblins
  16 hobgoblins
  7 jackals
  6 quokkas
  4 frilled lizards
  2 hobgoblin zombies (Ossuary)
  7 kobolds
  3 kobold zombies (Ossuary)
  2 orc zombies (Ossuary)
  8 rats
187 creatures vanquished.

Vanquished Creatures (others)
  4 fulminant prisms
4 creatures vanquished.

Grand Total: 191 creatures vanquished

Notes
Turn   | Place    | Note
-------+----------+-------------------------------------------
     0 | D:1      | Scuka the Draconian Conjurer began the quest for the Orb.
     0 | D:1      | Reached XP level 1. HP: 14/14 MP: 3/3
   263 | D:1      | Reached XP level 2. HP: 20/20 MP: 3/5
  1114 | D:2      | Reached XP level 3. HP: 26/26 MP: 3/6
  1554 | D:2      | Reached skill level 5 in Conjurations
  1624 | D:2      | Noticed Robin
  1841 | D:2      | Found a glowing golden altar of the Shining One.
  1912 | D:2      | Noticed Terence
  1942 | D:2      | Killed Terence
  1943 | D:2      | Reached XP level 4. HP: 21/33 MP: 5/8
  2103 | D:2      | Found a faded altar of an unknown god.
  2330 | D:2      | Killed Robin
  2490 | D:2      | Noticed Jessica
  2494 | D:2      | Killed Jessica
  2495 | D:2      | Reached XP level 5. HP: 25/38 MP: 5/9
  2849 | D:3      | Identified the +1 robe of the True Pharaoh {rC+ rN+ Str+2
                  | Dex-2}
  2886 | D:3      | Identified the +0 ring mail "Tiedibu" {rElec rPois rC-
                  | Str+3}
  3267 | D:3      | Reached skill level 6 in Conjurations
  3895 | D:3      | Found a hazy altar of Hepliaklqana.
  3896 | D:3      | Found a shimmering altar of Xom.
  3897 | D:3      | Noticed a spectral ugly thing
  4057 | D:4      | Reached XP level 6. HP: 8/45 MP: 5/11
  4178 | D:4      | Found a staircase to the Ecumenical Temple.
  4197 | Temple   | Entered the Ecumenical Temple
  4276 | Temple   | Became a worshipper of Sif Muna the Loreminder
  4593 | D:4      | Reached skill level 7 in Conjurations
  5182 | D:5      | Entered Level 5 of the Dungeon
  5186 | D:5      | Your scales start taking on a glossy black colour.
  5186 | D:5      | Reached XP level 7. HP: 50/50 MP: 9/13
  5186 | D:5      | Gained mutation: You are resistant to electric shocks.
                  | (rElec) [Black Draconian growth]
  5193 | D:5      | Learned a level 5 spell: Arcjolt
  5339 | D:5      | Reached skill level 1 in Air Magic
  5390 | D:5      | Reached skill level 1 in Invocations
  5495 | D:5      | Noticed Edmund
  5500 | D:5      | Killed Edmund
  5501 | D:5      | Reached skill level 1 in Evocations
  5679 | D:5      | Reached skill level 8 in Conjurations
  5977 | D:5      | Reached * piety under Sif Muna
  5978 | D:5      | Reached XP level 8. HP: 57/57 MP: 12/15
  6123 | D:5      | Found Azurph's Antique Weapon Boutique.
  6805 | D:6      | Found a sand-covered staircase.
  6862 | D:6      | Found a broken altar of Ashenzari.
  7028 | Ossuary  | Entered an ossuary
  7867 | D:6      | Reached skill level 5 in Spellcasting
  7994 | D:6      | Learned a level 4 spell: Fulminant Prism
  8192 | D:6      | Identified the +3 short sword "Zommeot" {holy, Int+4}
  8539 | D:6      | Noticed Eustachio
  8559 | D:6      | Killed Eustachio
  8802 | D:7      | Reached skill level 1 in Hexes
  8956 | D:7      | Reached skill level 9 in Conjurations
 10620 | D:8      | Found a stormy altar of Qazlal.
 10648 | D:8      | Reached XP level 9. HP: 48/62 MP: 14/17
 10757 | D:8      | Noticed Amaemon
 10762 | D:8      | Noticed an orange demon
 10781 | D:7      | Amaemon changed into Amaemon the efreet
 10781 | D:7      | Noticed Amaemon
 10787 | D:7      | HP: 3/93 [poisoned by Amaemon]
 10787 | D:7      | Killed from afar by Amaemon the efreet

Illustrated notes

Levels and vault maps discovered:
D:1:      lightli_arrival_statuegarden, layout_basic, serial_park_tiny_pond,
          hex_large, st_stairs_14, chequers_serial_rivers_room_a,
          minmay_fountain_box, chequers_serial_rivers_marsh, minivault_4,
          minmay_close_crescents
D:2:      layout_basic, hellmonk_ecumenical_altar_leap_of_faith, basic_altar,
          uniq_jessica, uniq_terence, uniq_robin
D:3:      minmay_general_purpose_star, layout_rooms,
          regret_index_temple_of_mockery
D:4:      layout_loops_ring, minmay_temple_entry_grid, portal_sewer_entry_d,
          minmay_misc_feat_alley
D:5:      layout_loops_ring, serial_shops, nicolae_shop_dealshenge,
          hangedman_minor_gate_pass, uniq_edmund
D:6:      layout_basic, cheibrodos_ashenzari_chains,
          nicolae_ossuary_entry_false_entrances, minmay_misc_feat_doors,
          nicolae_sextant, nicolae_figureground_pulse, uniq_eustachio
D:7:      layout_layer_cave, grunt_decor_mini_mirrors
D:8:      layout_basic, overflow_temple_1_default, minivault_19, uniq_amaemon
Temple:   minmay_crystal_spiral_temple

Skill      XL: |  1  2  3  4  5  6  7  8  9 |
---------------+----------------------------+-----
Conjurations   | 5 6 7 8 9 |  9.1
Spellcasting   | 3 4 5 |  5.4
Air Magic      | 2 3 4 |  4.0
Invocations    | 1 3 |  3.6
Evocations     | 1 3 |  3.3
Hexes          | 1 |  1.5
Dodging        | |  1.7
Stealth        | |  1.7

Action                     |  1- 3 |  4- 6 |  7- 9 || total
---------------------------+-------+-------+-------++-------
  Melee: Unarmed           |    23 |       |       ||    23
         Spear             |     4 |       |       ||     4
         Tailslap          |     4 |    12 |    22 ||    38
         Dagger            |    39 |    94 |   126 ||   259
         Punch             |       |     2 |     2 ||     4
         Short sword       |       |     7 |       ||     7
   Cast: Magic Dart        |    77 |   136 |   203 ||   416
         Fulminant Prism   |       |       |     4 ||     4
         Arcjolt           |       |       |     1 ||     1
Ability: Breathe Lightning |       |       |     5 ||     5
  Evoke: Wand              |       |       |     7 ||     7
    Use: Potion            |       |       |     4 ||     4
   Stab: Sleeping          |       |     2 |       ||     2
 Armour: Skin              |    17 |    29 |    64 ||   110
  Dodge: Dodged            |    42 |    82 |   113 ||   237
